[Event "Betsys MČR v online bleskovém šachu 2021"]
[Site "Chess.com"]
[Date "2021.04.17"]
[Round "7"]
[White "MartinCerveny"]
[Black "chessbeer17"]
[Result "1-0"]
[WhiteElo "2657"]
[BlackElo "2349"]
[TimeControl "180+1"]
[EndTime "10:12:58 PDT"]
[Termination "Uživatel MartinCerveny zvítězil matem"]

1. d4 Nf6 2. Nf3 b6 3. g3 Bb7 4.
Bg2 e6 5. O-O Be7 6. c4 d5 7.
Ne5 O-O 8. Nc3 Nbd7 9. Qa4 c6 10.
e4 Nxe5 11. dxe5 Nxe4 12. Nxe4 dxe4 13. Bxe4 Qc7 14. Re1 c5 15. Qc2 Bxe4 16. Qxe4 Rad8 17. Be3 Rd7 18. h4 h6 19. Kg2 Rfd8 20. b3 Qb7 21.
Qxb7 Rxb7 22. Rad1 Rbd7 23. Rxd7 Rxd7 24. Kf3 g5 25. h5 f6 26. exf6 Bxf6 27. Ke4 Kf7 28.
f4 Rd8 29. fxg5 Bxg5 30. Bxg5 hxg5 31. Ke5 Rd2 32. h6 Kg6 33. Rh1 Re2+ 34. Kd6 Kh7 35. g4 Re4 36. Ke7 Rxg4 37. Kxe6 Rf4 38. Ke5 Rf2 39.
a3 Rf3 40. b4 cxb4 41. axb4 g4 42. c5 bxc5 43. bxc5 g3 44. c6 g2 45. Rg1 Rf2 46. c7 Rc2 47. Kd6 Kxh6 48. Rxg2 Rxg2 49. c8=Q Rg6+ 50.
Ke5 a6 51. Kf5 Rg5+ 52. Kf4 Rg7 53. Qxa6+ Rg6 54. Qc8 Kg7 55. Kf5 Rf6+ 56. Ke5 Rf7 57. Qe8 Rf8 58. Qe7+ Rf7 59. Qg5+ Kh8 60. Qh5+ Kg7 61. Ke6 Rf6+ 62. Ke7 Rg6 63. Qe5+ Kh7 64. Kf7 Rg4 65. Qh5# 1-0

[Event "Betsys MČR v online bleskovém šachu 2021"]
[Site "Chess.com"]
[Date "2021.04.17"]
[Round "7"]
[White "CzechMerlin"]
[Black "MichalTrhal"]
[Result "0-1"]
[WhiteElo "1663"]
[BlackElo "1927"]
[TimeControl "180+1"]
[EndTime "10:13:00 PDT"]
[Termination "Uživatel MichalTrhal zvítězil po vzdání soupeře"]

1. d4 Nf6 2. c4 c5 3. d5 d6 4. Nc3 g6 5. e4 Bg7 6. Bg5 O-O 7. Qd2 Nbd7 8. Bh6 a6 9. Bxg7 Kxg7 10. Be2 Rb8 11. h4 h5 12. a4 Ne5 13. f3 Bd7 14.
Nh3 Qc7 15. Nf2 b5 16. axb5 axb5 17. cxb5 c4 18. g4 hxg4 19. h5 g3 20. hxg6 gxf2+ 21. Kxf2 Rh8 22. gxf7 Qc5+ 23. Kg2 Kxf7 24. Rag1 Rbg8+ 25. Kf1 Rxh1 26. Rxh1 Nd3 27. Bxd3 cxd3 28. Qxd3 Rg7 29.
Ne2 Qb4 30. b3 Bxb5 31. Qe3 Bxe2+ 32. Kxe2 Nd7 33. Qf4+ Kg8 34. Qh4 Qb5+ 35. Kf2 Qxb3 36. Qh8+ Kf7 37. Rh4 Qb2+ 38. Ke3 Qc3+ 39. Kf2 Qd2+ 40.
Kf1 Qg2+ 41. Ke1 Qg1+ 42. Ke2 Rg2+ 43. Kd3 Qb1+ 44. Ke3 Qc1+ 45. Kd3 Qd2+ 46. Kc4 Qc2+ 47. Kb4 Qb2+ 48. Qxb2 Rxb2+ 49. Kc3 Rf2 50. f4 Nf6 51. Kd4 Rd2+ 52. Ke3 Rd1 53. e5 Nxd5+ 54. Ke4 Nc3+ 55.
Kf5 dxe5 56. fxe5 e6+ 57. Kf4 Rd4+ 58. Kg3 Rxh4 59. Kxh4 Kg6 60. Kg4 Nb5 61. Kf4 Nc7 62.
Ke4 Ne8 0-1

[Event "Betsys MČR v online bleskovém šachu 2021"]
[Site "Chess.com"]
[Date "2021.04.17"]
[Round "7"]
[White "DrStillestein"]
[Black "stripe122"]
[Result "1-0"]
[WhiteElo "2102"]
[BlackElo "1789"]
[TimeControl "180+1"]
[EndTime "10:13:05 PDT"]
[Termination "Uživatel DrStillestein zvítězil matem"]

1. e4 c5 2. Nf3 d6 3. c3 Nf6 4.
Be2 g6 5. O-O Bg7 6. Re1 O-O 7.
Bf1 Nc6 8. d4 cxd4 9. cxd4 e6 10. Nc3 b6 11. a3 Bb7 12. Bg5 Qd7 13. Bxf6 Bxf6 14. e5 Bg7 15. Bb5 d5 16. Qd3 a6 17.
Ba4 b5 18. Bb3 Na5 19. Ba2 Nc4 20. Bxc4 dxc4 21. Qe3 Rfd8 22. Rad1 Rac8 23. h3 a5 24. Ne4 Bxe4 25. Qxe4 Qd5 26. Qxd5 Rxd5 27. Rc1 b4 28. axb4 axb4 29. Re2 Bh6 30. Ra1 Rd7 31. Rc2 Rdc7 32. Ra4 Rb8 33. g4 Bf8 34. Nd2 c3 35. bxc3 bxc3 36.
Ne4 Bb4 37. Kf1 Rc4 38. Ke2 Rxd4 39. Ke3 Rc4 40. Kd3 Rbc8 41. Nd6 Bxd6 42. Rxc4 Rxc4 43.
Kxc4 Bxe5 44. Re2 Bf6 45. f4 g5 46. fxg5 Bxg5 47. Kxc3 Kg7 48. Kd4 Bf6+ 49. Ke4 Kg6 50. Rf2 Bg5 51. Rf3 f6 52. Rf1 e5 53. Rf3 Bf4 54. h4 h5 55. gxh5+ Kxh5 56. Rh3 Kg6 57.
Kf3 Kh5 58. Rh1 Bh6 59. Ke4 Kg6 60. h5+ Kf7 61. Kf5 Bg5 62. h6 Kg8 63. h7+ Kh8 64. Kg6 e4 65. Ra1 Be3 66. Ra8# 1-0

[Event "Betsys MČR v online bleskovém šachu 2021"]
[Site "Chess.com"]
[Date "2021.04.17"]
[Round "7"]
[White "JakubPulpan"]
[Black "Herracek"]
[Result "1-0"]
[WhiteElo "2715"]
[BlackElo "2608"]
[TimeControl "180+1"]
[EndTime "10:13:06 PDT"]
[Termination "Uživatel JakubPulpan zvítězil po vzdání soupeře"]

1. Nf3 c5 2. e3 Nf6 3. b3 g6 4. Bb2 Bg7 5. c4 Nc6 6. Nc3 b6 7. Be2 O-O 8. d4 cxd4 9. Nxd4 Nxd4 10. Qxd4 Bb7 11. O-O Ne4 12. Qd3 Nc5 13. Qd2 Rc8 14. Rfd1 a5 15. Rac1 Qc7 16. Nb5 Qb8 17. Bxg7 Kxg7 18.
Qd4+ Kg8 19. Qh4 Rfe8 20. Qh3 Rcd8 21. Bf3 d6 22. Bxb7 Qxb7 23. Nc3 Qd7 24. Qh4 Rb8 25. Nd5 b5 26. h3 a4 27. cxb5 Rxb5 28.
b4 Ne6 29. a3 Rb7 30. Qe4 Reb8 31. Rc4 Nc7 32. Nxe7+ Kf8 33. Nd5 Nxd5 34. Qxd5 Rb6 35.
Rdc1 Qe6 36. Qd4 Kg8 37. Qd1 h6 38. Qxa4 d5 39. Rc6 Qe4 40. Rxb6 Rxb6 41. Qc2 Qe5 42. Qc8+ Kh7 43. Qc3 Qe6 44. Qd4 Ra6 45. Rc3 Qd7 46.
e4 Rd6 47. Rd3 Qa4 48. exd5 Qc2 49. g3 Rd8 50. d6 Re8 51. Rd1 Re4 52. Qd2 Qc8 53.
d7 Qd8 54. Qd5 Re7 55. b5 Kg7 56. b6 f6 57. b7 Re5 58. Qxe5 fxe5 59. b8=Q Qxb8 60.
d8=Q Qxd8 61. Rxd8 Kf6 62. Rd2 Kf5 63. Re2 h5 64.
Re3 h4 65. gxh4 Kf4 66. a4 e4 67. a5 g5 68. hxg5 1-0

[Event "Betsys MČR v online bleskovém šachu 2021"]
[Site "Chess.com"]
[Date "2021.04.17"]
[Round "7"]
[White "DavidekIII"]
[Black "DONSANMIGUEL"]
[Result "1-0"]
[WhiteElo "2196"]
[BlackElo "1814"]
[TimeControl "180+1"]
[EndTime "10:13:07 PDT"]
[Termination "Uživatel DavidekIII zvítězil na čas"]

1. d4 a6 2. c4 b5 3. cxb5 axb5 4. e3 Bb7 5. Nf3 b4 6. Bc4 e6 7. O-O Nf6 8. Qb3 Nc6 9. Bb5 Na5 10. Qc2 Bxf3 11.
gxf3 Be7 12. e4 O-O 13. Be3 d6 14. Bd3 e5 15. Nd2 Nh5 16. d5 Qd7 17. Kh1 Bd8 18.
Rg1 Qh3 19. Bf1 Qh4 20. Rg4 Qf6 21. Be2 Nf4 22. Bxf4 exf4 23. Rag1 g6 24. Bd3 Nb7 25. Bc4 Nc5 26. Ra1 Nd7 27. Rgg1 Ne5 28. Rac1 Qh4 29. Rg2 Qh3 30. Qb3 h5 31. Bf1 Qh4 32. Nc4 Nxf3 33. Qxf3 Kh7 34. Nd2 Bf6 35. Bc4 Be5 36. Rcg1 Rg8 37.
Nb1 Rg7 38. Qd3 Rag8 39. f3 Qh3 40. Nd2 Bxb2 41. Qf1 Bc3 42. Qe2 Qh4 43. Bb3 Be5 44.
Nc4 Qh3 45. Nxe5 Qh4 46. Nc4 Qh3 47. Nd2 Qh4 48. Qf2 Qe7 49. Nc4 Qf6 50. e5 Qh4 51. e6 fxe6 52. dxe6 Qf6 53. Qe2 Qe7 54. Re1 g5 55.
Qe4+ Kh8 56. Na5 Rg6 57. Nc6 1-0

[Event "Betsys MČR v online bleskovém šachu 2021"]
[Site "Chess.com"]
[Date "2021.04.17"]
[Round "7"]
[White "Saygram"]
[Black "krystofkrizek1"]
[Result "1-0"]
[WhiteElo "2415"]
[BlackElo "2137"]
[TimeControl "180+1"]
[EndTime "10:13:10 PDT"]
[Termination "Uživatel Saygram zvítězil matem"]

1. e4 g6 2. d4 d5 3. exd5 Nf6 4. c4 Bg7 5. Nf3 Bg4 6. Be2 b5 7. cxb5 O-O 8. O-O Nxd5 9. h3 Be6 10. Nc3 c6 11.
bxc6 Nxc6 12. Ne4 Qb6 13. Nc5 Nxd4 14. Nxe6 Nxe2+ 15. Qxe2 Qxe6 16. Qxe6 fxe6 17. Bd2 Bxb2 18. Rab1 Bf6 19. Rfe1 Rab8 20. Rxb8 Rxb8 21. Rxe6 Rb2 22.
Ra6 Rb7 23. g4 Kf7 24. Ra5 Nc3 25. Bxc3 Bxc3 26. Ra6 Bf6 27. Kg2 h6 28. Kg3 Rd7 29. h4 g5 30. h5 Rc7 31. Kg2 Rd7 32. Kf1 Rc7 33. Ra4 Rb7 34. Nd2 Rb2 35. Ne4 Rb7 36. Ng3 Rc7 37. Nf5 Rc1+ 38. Kg2 Rc2 39. Nxh6+ Ke6 40. Nf5 Ke5 41. Kf3 Rc3+ 42. Ke2 Rc8 43. f3 Rb8 44. h6 e6 45. Ne3 Rh8 46. Ra5+ Kd6 47. Rxa7 Rxh6 48. Ra6+ Ke7 49. Nc4 Rh2+ 50. Ke3 Rh1 51. Nd2 Re1+ 52. Kf2 Rh1 53. Ne4 Rh2+ 54.
Kg3 Be5+ 55. f4 Bxf4+ 56. Kf3 Rh3+ 57. Ke2 Rh2+ 58. Kd3 Rh3+ 59. Kd4 Re3 60. Nc5 e5+ 61. Kd5 Re1 62. Ra7+ Ke8 63. Ke6 Kf8 64. Nd7+ Kg7 65. Nf6+ Kg6 66. Ra8 Rc1 67. Rg8+ Kh6 68. Kf5 Rc7 69.
Rg6# 1-0

[Event "Betsys MČR v online bleskovém šachu 2021"]
[Site "Chess.com"]
[Date "2021.04.17"]
[Round "7"]
[White "CZMaster666"]
[Black "czlolcz"]
[Result "1-0"]
[WhiteElo "1927"]
[BlackElo "2161"]
[TimeControl "180+1"]
[EndTime "10:13:13 PDT"]
[Termination "Uživatel CZMaster666 zvítězil matem"]

1. e4 e5 2. Nf3 Nf6 3. Nc3 Nc6 4.
Bb5 Bb4 5. O-O O-O 6. Re1 d6 7. d3 Qe7 8. Bg5 Bxc3 9. bxc3 Nd8 10. d4 Ne6 11. Bh4 Nf4 12. g3 Ng6 13. Bf1 Bg4 14.
Bxf6 Qxf6 15. Bg2 c5 16. d5 b5 17. Rb1 Rab8 18. h3 Bxf3 19. Bxf3 Ne7 20. Qe2 a6 21.
Bg4 g6 22. a4 c4 23. axb5 axb5 24. Bd7 Qg5 25. Bxb5 f5 26. Bxc4 fxe4 27. Qxe4 Rxb1 28. Rxb1 Qd2 29. Qe3 Qxc2 30. Rb7 Nf5 31. Qg5 Qxc3 32. Bf1 Qd4 33. Bg2 e4 34. Qf4 Qxd5 35. Bxe4 Qe5 36. Bxf5 Qxf4 37. Be6+ Qf7 38. Bxf7+ Rxf7 39. Rxf7 Kxf7 40.
Kf1 Ke6 41. Ke2 Ke5 42. Ke3 d5 43. f4+ Kf5 44. Kd4 Ke6 45. g4 h5 46. Kc5 h4 47.
Kd4 Kd6 48. f5 g5 49. f6 Ke6 50. f7 Kxf7 51. Kxd5 Kf6 52. Kd6 Kf7 53. Ke5 Kg6 54.
Ke6 Kg7 55. Kf5 Kh6 56. Kf6 Kh7 57. Kxg5 Kg7 58. Kxh4 Kh6 59. Kg3 Kg6 60. Kf4 Kh6 61. h4 Kg6 62. Ke5 Kh6 63. Ke6 Kg6 64. Ke7 Kh6 65. Kf7 Kh7 66. g5 Kh8 67. h5 Kh7 68.
g6+ Kh8 69. g7+ Kh7 70. g8=Q+ Kh6 71. Kf6 Kxh5 72. Qg5# 1-0

[Event "Betsys MČR v online bleskovém šachu 2021"]
[Site "Chess.com"]
[Date "2021.04.17"]
[Round "7"]
[White "Sandokanom"]
[Black "marfuss"]
[Result "0-1"]
[WhiteElo "1755"]
[BlackElo "2040"]
[TimeControl "180+1"]
[EndTime "10:13:13 PDT"]
[Termination "Uživatel marfuss zvítězil na čas"]

1. c4 f5 2. Nf3 Nf6 3. Nc3 g6 4. Qc2 Bg7 5. e4 d6 6. exf5 Bxf5 7. Bd3 Bxd3 8. Qxd3 O-O 9. O-O e5 10. Re1 Nc6 11. Ne4 Nxe4 12. Qxe4 Qf6 13. d3 Rae8 14. Bg5 Qf5 15. a3 h6 16. Bd2 g5 17.
h3 Nd4 18. Qxf5 Nxf5 19. Bc3 Rf7 20. Rad1 Ref8 21. b4 Ne7 22. d4 exd4 23. Bxd4 a6 24. Bxg7 Kxg7 25. Nd4 Rc8 26. Rxe7 Rxe7 27. Nf5+ Kf6 28.
Nxe7 Kxe7 29. Re1+ Kf6 30. f3 Rd8 31. Kf2 d5 32. Rd1 Ke5 33. Ke3 Rd6 34. c5 Rd8 35. g3 c6 36. f4+ gxf4+ 37. gxf4+ Kf5 38. a4 Re8+ 39. Kf3 Re4 40. Rb1 Rxf4+ 41. Kg3 Rc4 42. b5 axb5 43. axb5 Rxc5 44. bxc6 bxc6 45. Rf1+ Kg5 46.
h4+ Kg6 47. Rf4 Rc3+ 48. Kg4 c5 49. h5+ Kg7 50. Rf5 d4 51. Rd5 d3 52. Rd7+ Kf6 53.
Rd6+ Kg7 54. Rd7+ Kf8 55. Kf5 c4 56. Kg6 Ke8 57. Rc7 d2 58. Rc8+ Kd7 59. Rc5 d1=Q 60. Kxh6 Qd2+ 61. Kg6 Rg3+ 62. Kh7 Qd3+ 63. Kh8 Qd4+ 0-1

[Event "Betsys MČR v online bleskovém šachu 2021"]
[Site "Chess.com"]
[Date "2021.04.17"]
[Round "7"]
[White "conysek"]
[Black "PetrVelicka"]
[Result "1-0"]
[WhiteElo "2127"]
[BlackElo "2357"]
[TimeControl "180+1"]
[EndTime "10:13:18 PDT"]
[Termination "Uživatel conysek zvítězil na čas"]

1. e4 Nf6 2. e5 Nd5 3. d4 d6 4. c4 Nb6 5. exd6 cxd6 6. Nc3 g6 7. h4 h5 8. Bd3 Bg7 9. Nge2 O-O 10. Be3 Nc6 11.
a3 d5 12. c5 Nc4 13. Bxc4 dxc4 14. Qd2 Bf5 15. Rd1 Na5 16. Nc1 Re8 17. O-O e6 18. Bg5 Qd7 19. Bh6 Bh8 20. Qg5 Qe7 21. Qg3 Bf6 22. Bg5 Bxg5 23. hxg5 Rad8 24. Nb5 b6 25.
Nd6 Rf8 26. Nxf5 exf5 27. Rfe1 Qd7 28. cxb6 axb6 29. Ne2 Qd6 30. Qc3 Rc8 31. g3 Nb3 32. Nf4 b5 33. Re3 Rcd8 34. d5 Qc5 35. Rde1 Qd4 36.
Qb4 Qb6 37. Re7 Nc5 38. Qc3 Ne4 39. Qc2 Qd6 40. Ra7 Ra8 41. Rxa8 Rxa8 42. Kg2 Nxg5 43.
Qc3 Ne4 44. Qc2 h4 45. Qc1 hxg3 46. fxg3 Rd8 47. Qe3 Nf6 48. Qf3 Nxd5 49. Nxd5 Qxd5 50. Re8+ Kg7 51. Qxd5 Rxd5 52. Rb8 Rc5 53. Kf3 c3 54. bxc3 Rxc3+ 55. Kf4 Rxa3 56. Rxb5 Ra4+ 57. Kf3 Rf4+ 58. gxf4 Kf6 59. Rb6+ Kg7 60. Kg3 Kh6 61. Kh4 Kg7 62. Kg5 Kh7 63. Kf6 Kh6 64. Kxf7 Kh5 65. Rxg6 1-0

[Event "Betsys MČR v online bleskovém šachu 2021"]
[Site "Chess.com"]
[Date "2021.04.17"]
[Round "7"]
[White "rolkento"]
[Black "machajda"]
[Result "0-1"]
[WhiteElo "2228"]
[BlackElo "2044"]
[TimeControl "180+1"]
[EndTime "10:13:18 PDT"]
[Termination "Uživatel machajda zvítězil matem"]

1. e4 c5 2. c3 d6 3. f4 Nf6 4. Qc2 Nc6 5. Nf3 g6 6. Bb5 Bg7 7. O-O O-O 8. d3 Qc7 9. Be3 a6 10.
Bxc6 Qxc6 11. h3 b5 12. Nbd2 Bb7 13. Rae1 Rac8 14. Bf2 Rfd8 15. d4 cxd4 16. Nxd4 Qc7 17. a3 Nd7 18. N2f3 Nc5 19. Nb3 h6 20. Nxc5 dxc5 21.
f5 g5 22. Rd1 Be5 23. Qe2 Bf4 24. b4 cxb4 25. cxb4 Qc3 26. Bc5 Qxa3 27. Bxe7 Rxd1 28. Rxd1 Re8 29. f6 Qe3+ 30. Qxe3 Bxe3+ 31. Kh1 Bxe4 32. Re1 Bxf3 33. Rxe3 Bd5 34. Rd3 Bc4 35. Rd6 Ra8 36. g4 Kh7 37. Kh2 Kg6 38. Kg3 h5 39. Rb6 a5 40. bxa5 Rxa5 41. Rb8 h4+ 42. Kf2 Ra2+ 43. Kg1 Ra1+ 44. Kf2 Ra2+ 45. Kg1 Ra1+ 46. Kf2 Rf1+ 47. Kg2 Kh7 48. Re8 Re1 49. Rb8 Re2+ 50. Kg1 Re3 51. Kg2 Rb3 52. Rb7 Rb2+ 53. Kg1 Rb1+ 54.
Kh2 Rb2+ 55. Kg1 Rb3 56. Bd8 Rg3+ 57. Kf2 Rxh3 58. Be7 Rh2+ 59. Ke3 Rb2 60. Ke4 h3 61. Bd6 h2 62. Bxh2 Rxh2 63. Kf5 Kh6 64. Rb8 Rf2+ 65.
Ke5 Re2+ 66. Kf5 Be6# 0-1

[Event "Betsys MČR v online bleskovém šachu 2021"]
[Site "Chess.com"]
[Date "2021.04.17"]
[Round "7"]
[White "Diamantidis_13"]
[Black "TommyLud"]
[Result "1-0"]
[WhiteElo "2445"]
[BlackElo "2202"]
[TimeControl "180+1"]
[EndTime "10:13:20 PDT"]
[Termination "Uživatel Diamantidis_13 zvítězil po vzdání soupeře"]

1. Nf3 d5 2. d4 Nf6 3. c4 c6 4. Nc3 e6 5. e3 Nbd7 6. b3 Bb4 7. Bd2 Bd6 8. Bd3 O-O 9. e4 dxe4 10. Nxe4 Nxe4 11. Bxe4 f5 12. Bc2 e5 13. c5 Bc7 14. b4 exd4 15. O-O Ne5 16. Bb3+ Kh8 17. Nxe5 Bxe5 18. Re1 Bf6 19. Bf4 Re8 20. Bd6 Bd7 21.
Qf3 a5 22. b5 a4 23. Bf7 Rf8 24. Bxf8 Qxf8 25. Be6 Bxe6 26. Rxe6 Qxc5 27. bxc6 bxc6 28. Rxc6 Qa5 29. Rac1 h6 30. Rc8+ Rxc8 31. Rxc8+ Kh7 32. g3 a3 33. Qa8 Qxa8 34. Rxa8 Be7 35. Ra7 Bc5 36.
Rc7 Bb4 37. Kf1 Bc3 38. Ke2 Kg6 39. Kd3 Kf6 40. Ra7 Bb2 41. Ra6+ Kf7 42. f4 g6 43. Ra7+ Kf6 44. Ra6+ Kf7 45. Kc4 h5 46. h4 Kg7 47.
Kd3 Kf7 48. Rc6 Kg7 49. Rd6 Kf7 50. Rxd4 Bxd4 51. Kxd4 Ke6 52. Kc5 Ke7 53. Kb4 Kd6 54. Kxa3 Kd5 55. Kb4 Ke4 56. a4 Kf3 57. a5 Kxg3 58.
a6 Kxh4 59. a7 Kg3 60. a8=Q h4 61. Qh1 h3 62. Kc3 Kxf4 63. Qxh3 g5 64. Kd3 g4 65. Qh4 Kf3 66. Kd2 f4 67. Ke1 g3 68. Qh3 Ke3 69. Qg4 Ke4 70. Ke2 Ke5 71. Kf3 1-0

[Event "Betsys MČR v online bleskovém šachu 2021"]
[Site "Chess.com"]
[Date "2021.04.17"]
[Round "7"]
[White "Eliska0107"]
[Black "Jacques_se_mas"]
[Result "1-0"]
[WhiteElo "2000"]
[BlackElo "1745"]
[TimeControl "180+1"]
[EndTime "10:13:22 PDT"]
[Termination "Uživatel Eliska0107 zvítězil na čas"]

1. e4 e6 2. d4 b6 3. Bd3 Bb7 4. Qe2 Be7 5. Nf3 Nf6 6. O-O d5 7. e5 Ne4 8. Nbd2 Nxd2 9. Bxd2 c5 10. c3 h6 11. a4 a5 12. Be3 Nc6 13. Rac1 c4 14. Bb1 Ba6 15. Qc2 b5 16. axb5 Bxb5 17. Nd2 a4 18. f4 f5 19. exf6 Bxf6 20. Qg6+ Kd7 21. f5 Qe8 22. fxe6+ Ke7 23. Rxf6 gxf6 24. Qg7+ Kxe6 25. Bf4 Qf7 26. Re1+ Ne5 27. Qxf7+ Kxf7 28. dxe5 Rae8 29. Nf3 Bd7 30. Bc2 h5 31. g3 Rhg8 32. Kf2 Bg4 33. Nd4 fxe5 34. Bxe5 Ra8 35. Bf4 a3 36.
bxa3 Rxa3 37. Re5 Rxc3 38. Rxd5 Re8 39. Rc5 Rxc2+ 40. Nxc2 Re2+ 41. Kf1 Rxc2 42. Ke1 Be6 43. h4 Kg6 44. Rg5+ Kf7 45. Rxh5 c3 46. Rh7+ Kf6 47.
Rc7 Kf5 48. h5 Ra2 49. Rxc3 Ra8 50. Kf2 Rh8 51. h6 Bf7 52. Rc6 Be6 53. Rc5+ Kg6 54.
Kf3 Kf7 55. g4 Kg6 56. g5 Bf5 57. Rc6+ Kh5 58. Ke3 Bg4 59. Kd4 Rd8+ 60. Ke5 Re8+ 61. Kd6 Re4 62. Bc1 Re6+ 63. Kd7 Rxc6+ 64. Kxc6 Bf5 65. Kd6 Bg6 66. Ke7 Kg4 67. Kf6 Bf5 68. g6 1-0

[Event "Betsys MČR v online bleskovém šachu 2021"]
[Site "Chess.com"]
[Date "2021.04.17"]
[Round "7"]
[White "Gicko13"]
[Black "Countryside_58"]
[Result "1-0"]
[WhiteElo "2071"]
[BlackElo "2404"]
[TimeControl "180+1"]
[EndTime "10:13:24 PDT"]
[Termination "Uživatel Gicko13 zvítězil na čas"]

1. e4 Nf6 2. e5 Ng8 3. d4 d5 4. Bd3 c5 5. c3 Nc6 6. Bc2 cxd4 7.
cxd4 a6 8. a3 Nh6 9. Nc3 Bg4 10.
Nge2 e6 11. O-O Rc8 12. Be3 Bf5 13. Ng3 Bxc2 14. Qxc2 g6 15. b4 b5 16. h3 Nf5 17.
Nxf5 gxf5 18. Qd2 Be7 19. Ne2 Rg8 20. Nf4 Kd7 21. Nd3 Rg6 22. Kh1 Qb6 23. Rfc1 Rcg8 24.
Nf4 R6g7 25. Rg1 Qd8 26. Rac1 Qb6 27. Nd3 h5 28. Nc5+ Bxc5 29. Rxc5 Ne7 30. h4 Rg4 31. g3 Rc8 32. Rgc1 Rxc5 33. Rxc5 Nc6 34. Qc3 Rg8 35. Bg5 Rc8 36. Bf6 Na7 37. Qd2 Rxc5 38. dxc5 Qb8 39. Qg5 Nc6 40. Qxh5 Nxe5 41. Bxe5 Qxe5 42.
Qxf7+ Kc6 43. Qe8+ Kc7 44. Qe7+ Kc6 45. Kh2 f4 46. h5 fxg3+ 47. fxg3 Qxh5+ 48. Kg2 Qe2+ 49. Kh3 Qh5+ 50. Kg2 Qe5 51. g4 d4 52. Qe8+ Kd5 53.
Qd7+ Kc4 54. c6 Qe2+ 55. Kh3 Qf3+ 56. Kh4 Qf6+ 57. Kh5 Qh8+ 58. Kg6 Qg8+ 59. Kf6 Qxg4 60. c7 Qf4+ 61. Ke7 Qg5+ 62. Kxe6 Qg6+ 63. Ke7 Qg7+ 64.
Kd8 Qf8+ 65. Qe8 Qf6+ 66. Qe7 Qh8+ 67. Kd7 1-0

[Event "Betsys MČR v online bleskovém šachu 2021"]
[Site "Chess.com"]
[Date "2021.04.17"]
[Round "7"]
[White "ffbp3q"]
[Black "Tolja1"]
[Result "1-0"]
[WhiteElo "2360"]
[BlackElo "2038"]
[TimeControl "180+1"]
[EndTime "10:13:24 PDT"]
[Termination "Uživatel ffbp3q zvítězil matem"]

1. d4 e6 2. c4 f5 3. g3 Nf6 4.
Bg2 d5 5. Nf3 c6 6. O-O Bd6 7.
Qc2 O-O 8. Nc3 Bd7 9. Rb1 a5 10. c5 Bc7 11. a3 Ne4 12. Bf4 Bxf4 13. gxf4 Be8 14. Ne5 Nd7 15. Nxe4 fxe4 16. e3 Nxe5 17. dxe5 Bh5 18. f3 exf3 19. Bxf3 Bxf3 20. Rxf3 Qh4 21. Rg3 Kh8 22. Kh1 Rf7 23. Rbg1 Raf8 24. Rg4 Qh6 25. Qg2 g6 26. Qg3 Rf5 27. Rh4 Rh5 28. Rxh5 Qxh5 29. Qg4 Rf5 30. Qxh5 Rxh5 31. Kg2 Rf5 32. Rd1 g5 33. Kg3 gxf4+ 34. exf4 Kg7 35. Rd4 Rf8 36.
Ra4 Kg6 37. Rxa5 Kf5 38. Ra4 Rg8+ 39. Kf3 Rg1 40. Rb4 Rf1+ 41. Ke3 Re1+ 42. Kd2 Rh1 43. Rxb7 Rxh2+ 44. Kc3 Kxf4 45. a4 Kxe5 46. a5 Rh1 47. Rb3 d4+ 48. Kc4 Rc1+ 49. Kb4 Ra1 50. Ra3 Rxa3 51.
bxa3 Ke4 52. a6 d3 53. a7 d2 54. a8=Q d1=Q 55. Qxc6+ Kf5 56. Qd6 Qb1+ 57. Ka5 Qb3 58. a4 h5 59. Qf8+ Ke5 60. Qd6+ Kf5 61. c6 h4 62. c7 h3 63. c8=Q Qc3+ 64. Qxc3 h2 65. Qdc5+ e5 66. Q5xe5+ Kg4 67. Qcg3# 1-0

[Event "Betsys MČR v online bleskovém šachu 2021"]
[Site "Chess.com"]
[Date "2021.04.17"]
[Round "7"]
[White "KJ327NR"]
[Black "florenc1330"]
[Result "1-0"]
[WhiteElo "2327"]
[BlackElo "2094"]
[TimeControl "180+1"]
[EndTime "10:13:30 PDT"]
[Termination "Uživatel KJ327NR zvítězil matem"]

1. e4 d5 2. exd5 Qxd5 3. Nc3 Qa5 4. d4 Nf6 5. Bc4 Bg4 6. Ne2 Nc6 7. f3 Bh5 8. Be3 O-O-O 9. O-O e5 10. d5 Bc5 11. Qd2 e4 12. fxe4 Ng4 13. Bxc5 Qxc5+ 14. Kh1 Qxc4 15. Qg5 Qc5 16. Qxh5 Nce5 17. h3 g6 18. Qg5 f6 19. Qf4 h5 20. Rac1 Rdf8 21. Na4 Qb4 22. b3 Nh6 23. c3 Qd6 24. Nd4 g5 25.
Qe3 a6 26. c4 g4 27. c5 Qd8 28. c6 gxh3 29. Qxh3+ Nhg4 30. cxb7+ Kxb7 31. Nc5+ Ka7 32. Nc6+ Nxc6 33. dxc6 Qd4 34. Nd7 Nf2+ 35. Rxf2 Qxf2 36. Nxf8 Rxf8 37. Qf3 Qxf3 38. gxf3 Rg8 39. f4 Kb6 40. e5 fxe5 41. fxe5 Re8 42. Re1 Re6 43. Kg2 Kxc6 44. Kf3 Kd5 45. Kf4 h4 46. Rd1+ Kc5 47.
Kf5 Re8 48. e6 a5 49. Kf6 Rf8+ 50. Kg7 Rf2 51. Re1 Rg2+ 52. Kh6 Rg8 53. e7 Re8 54. Kg7 Kd6 55. Kf7 Rxe7+ 56. Rxe7 c5 57. Re4 Kd5 58.
Rxh4 Kc6 59. Rc4 Kb5 60. a4+ Kc6 61. Ke6 Kb6 62. Kd5 Kc7 63. Kxc5 Kb7 64. Kb5 Ka7 65.
Kxa5 Kb7 66. Kb5 Ka7 67. Rc7+ Kb8 68. Kb6 Ka8 69. Rf7 Kb8 70. Rf8# 1-0

[Event "Betsys MČR v online bleskovém šachu 2021"]
[Site "Chess.com"]
[Date "2021.04.17"]
[Round "7"]
[White "Svandik49"]
[Black "Evca64"]
[Result "1-0"]
[WhiteElo "2266"]
[BlackElo "2068"]
[TimeControl "180+1"]
[EndTime "10:13:30 PDT"]
[Termination "Uživatel Svandik49 zvítězil na čas"]

1. e4 c6 2. d4 d5 3. exd5 cxd5 4. Bd3 Nc6 5. c3 Qc7 6. Ne2 Bg4 7. O-O e6 8. Qe1 Be7 9. Bf4 Qb6 10. Qc1 Bh5 11. Nd2 Nf6 12. a4 Bg6 13. Bxg6 hxg6 14. Nf3 Nh5 15. Be3 Qc7 16. Nf4 Bd6 17. Nxh5 Rxh5 18. h3 Ne7 19. Re1 Kf8 20. Qd2 Rc8 21. a5 a6 22. Re2 Rh8 23. Qd3 Nf5 24. Nd2 Bf4 25. Nf1 Bxe3 26. Nxe3 Nxe3 27. Rxe3 g5 28. Rg3 Qf4 29. Rg4 Qf6 30. Re1 Qd8 31. Qd2 Qxa5 32. Qxg5 Rh7 33. Rf4 Kg8 34. Qe7 Rf8 35. Rxe6 Qa1+ 36.
Re1 Qxb2 37. Qe3 a5 38. Rf5 Qb3 39. Qf3 a4 40. Qxd5 Qxd5 41. Rxd5 Ra8 42. Ra1 Rh6 43. Rb5 b6 44. Rb4 b5 45. Rxb5 a3 46. Ra2 Rha6 47.
Rb3 Kf8 48. c4 Ke7 49. c5 Ke6 50. Rb6+ Kd5 51. Rd6+ Rxd6 52. cxd6 Kxd6 53. Kf1 Kd5 54. Ke2 Kxd4 55. Kd2 Kc4 56. Kc2 Kb4 57. Kb1 Re8 58. Rd2 Re1+ 59. Ka2 Rf1 60. Rd4+ Kc3 61. Rf4 f6 62.
Rf3+ Kd2 63. Kxa3 Ke2 64. Rg3 g5 65. h4 gxh4 66. Rh3 Rxf2 67. Rxh4 Rxg2 68. Kb3 1-0

[Event "Betsys MČR v online bleskovém šachu 2021"]
[Site "Chess.com"]
[Date "2021.04.17"]
[Round "7"]
[White "Sfreedom01"]
[Black "svobodan"]
[Result "1-0"]
[WhiteElo "1348"]
[BlackElo "1640"]
[TimeControl "180+1"]
[EndTime "10:13:32 PDT"]
[Termination "Uživatel Sfreedom01 zvítězil na čas"]

1. e4 c5 2. c3 Nf6 3. d3 d6 4. Nf3 g6 5. Be2 Bg7 6. Bg5 O-O 7. Bxf6 Bxf6 8. Qd2 Nc6 9. O-O a6 10. a3 b5 11. b4 cxb4 12. axb4 Nxb4 13. d4 Nc6 14. d5 Ne5 15. Nxe5 Bxe5 16. Ra2 Qc7 17. Bxb5 Bb7 18. Bd3 Rfc8 19. c4 Bg7 20. f4 a5 21.
Nc3 Ba6 22. Nb5 Bxb5 23. cxb5 Qc3 24. b6 Qd4+ 25. Kh1 Qxb6 26. Rb1 Qa7 27. Bb5 Qd4 28.
Qxd4 Bxd4 29. Bc6 Rab8 30. Rxb8 Rxb8 31. h3 Rb1+ 32. Kh2 Bb6 33. h4 Rb4 34. e5 dxe5 35.
fxe5 Rxh4+ 36. Kg3 Rh5 37. Kf4 Rh4+ 38. g4 Rh1 39. e6 Rf1+ 40. Kg5 fxe6 41. dxe6 Be3+ 42. Kh4 g5+ 43. Kg3 Bf4+ 44. Kg2 Rc1 45. Bd7 Rc5 46. Kf3 Rc3+ 47. Ke4 Rc5 48. Kd4 Re5 49. Ra4 Kg7 50.
Kd3 Rd5+ 51. Ke4 Re5+ 52. Kd4 Kf6 53. Kc3 Bh2 54. Kd3 Bf4 55. Kd4 Re3 56. Rxa5 Re1 57.
Rf5+ Kg6 58. Rf7 Rc1 59. Kd3 Rd1+ 60. Kc2 Rd2+ 61. Kc3 h6 62. Kc4 Rc2+ 63. Kd3 Rd2+ 64. Kc4 Re2 65. Be8 Rxe6 66. Kd3 Rd6+ 67. Kc4 Rd2 68.
Rxf4+ 1-0

[Event "Betsys MČR v online bleskovém šachu 2021"]
[Site "Chess.com"]
[Date "2021.04.17"]
[Round "7"]
[White "Krvelacny_krecek"]
[Black "HonzaVykouk"]
[Result "1/2-1/2"]
[WhiteElo "2400"]
[BlackElo "2683"]
[TimeControl "180+1"]
[EndTime "10:13:36 PDT"]
[Termination "Remíza opakováním pozice"]

1. d4 Nf6 2. c4 g6 3. g3 Bg7 4.
Bg2 O-O 5. Nc3 d6 6. Nf3 c6 7. O-O a6 8. h3 b5 9. b3 b4 10. Nb1 a5 11. Nbd2 Ba6 12. Qc2 Nbd7 13. Bb2 d5 14.
Rfe1 Rc8 15. e4 dxe4 16. Nxe4 Nxe4 17. Rxe4 Bb7 18. Rae1 e6 19. c5 Ba6 20. Ne5 Nxe5 21. dxe5 Bd3 22. Qc1 Bxe4 23. Bxe4 Qc7 24. f4 Rfd8 25. Qe3 Bf8 26. Rc1 Rd7 27. Rc2 Rcd8 28.
Kh2 Rd1 29. g4 Qd7 30. Bc1 Be7 31. Qf2 Rd4 32. Qg2 Qa7 33. Be3 Rxe4 34. Qxe4 Rd5 35.
Qc4 Qd7 36. Kg3 Qd8 37. Kf3 Bh4 38. Re2 Rd1 39. Qe4 Rf1+ 40. Kg2 Qd1 41. Qc2 Qa1 42.
Qb2 Qd1 43. Qc2 Rh1 44. Qxd1 Rxd1 45. Rd2 Rxd2+ 46. Bxd2 Be7 47. Be3 Kf8 48. Kf3 Ke8 49.
Ke4 Kd7 50. Kd4 Kc7 51. Bd2 Kb7 52. Kc4 Ka6 53. Bc1 Kb7 54. a3 bxa3 55. Bxa3 Ka6 56. Bc1 Bh4 57. Bd2 Bg3 58. Be3 Be1 59. Bc1 Bg3 60. Be3 g5 61. fxg5 Bxe5 62. h4 Bg7 63. h5 Bf8 64. Bf4 Be7 65. Be3 Bd8 66. Bf4 Kb7 67. Be3 Kc8 68. Bf4 Kd7 69. Kd4 Be7 70.
Kc4 Bd8 71. Kd4 Be7 72. Kc4 Bd8 1/2-1/2